 Dungeon Crawl Stone Soup version 0.14-a0-586-g2535b90 (webtiles) character file.

144 JacquesDerrida the Stinger (level 4, 0/36 HPs)
             Began as a Naga Venom Mage on Nov 4, 2013.
             Slain by an orc (3 damage)
             ... on Level 3 of the Dungeon.
             The game lasted 00:06:37 (2249 turns).

JacquesDerrida the Stinger (Naga Venom Mage)        Turns: 2249, Time: 00:06:37

HP   0/36        AC  2     Str 12      XL: 4   Next: 59%
MP   2/7         EV 10     Int 15      God:
Gold 53          SH  0     Dex 11      Spells:  2 memorised,  1 level left

Res.Fire  : . . .   See Invis. : +   g - +0 dagger
Res.Cold  : . . .   Warding    : .   a - +0 robe
Life Prot.: . . .   Conserve   : .   (no shield)
Res.Poison: +       Res.Corr.  : .   (no helmet)
Res.Elec. : .       Clarity    : .   (no cloak)
Sust.Abil.: . .     Spirit.Shd : .   (no gloves)
Res.Mut.  : .       Stasis     : .   (no barding)
Res.Rott. : .       Flight     : .   (no amulet)
Saprovore : . . .                    (no ring)
                                     (no ring)

@: very slightly contaminated, very slow, slightly resistant to hostile
enchantments, fairly stealthy
A: spit poison, see invisible, deformed body, poison resistance, slowness 2, AC
+1
a: Spit Poison


You were on level 3 of the Dungeon.
You were not hungry.

You visited 1 branch of the dungeon, and saw 3 of its levels.

You collected 53 gold pieces.

Inventory:

Hand weapons
 g - a +0,+0 dagger (weapon)
Missiles
 p - 4 javelins of penetration (quivered)
Armour
 a - a +0 robe (worn)
Comestibles
 c - 2 bread rations
 h - 2 chokos
 m - 2 honeycombs
 n - 3 chunks of hobgoblin flesh
 o - a meat ration
 q - 10 sultanas
 u - a rotting chunk of jackal flesh
Scrolls
 d - 4 scrolls of identify {unknown}
 f - a scroll of curse weapon {unknown}
 k - 3 scrolls of remove curse {unknown}
 l - 3 scrolls of curse jewellery {unknown}
 r - a scroll of teleportation {unknown}
Potions
 e - 2 potions of heal wounds {unknown}
 i - a potion of speed {unknown}
 j - a potion of curing {unknown}
 s - a potion of restore abilities {unknown}
Books
 b - a Young Poisoner's Handbook

   Spells                             Type                      Level
   *Sting                             Conjuration/Poison           1
   Cure Poison                        Poison                       2
   *Mephitic Cloud                    Conjuration/Poison/Air       3
   Olgreb's Toxic Radiance            Poison                       4
   Venom Bolt                         Conjuration/Poison           5


   Skills:
 - Level 1.5 Dodging
 - Level 3.0 Stealth
 - Level 1.0 Spellcasting
 + Level 2.6 Conjurations
 + Level 6.7 Poison Magic


You had one spell level left.
You knew the following spells:

 Your Spells              Type           Power        Failure   Level  Hunger
a - Sting                 Conj/Pois      ##..         4%          1    ##.....
b - Mephitic Cloud        Conj/Pois/Air  ##......     24%         3    ####...


Dungeon Overview and Level Annotations

Branches:
Dungeon (3/27)

Altars:


Innate Abilities, Weirdness & Mutations

You cannot wear boots.
You can spit poison.
Your serpentine skin is tough (AC +1).
You have supernaturally acute eyesight.
Armour fits poorly on your strangely shaped body.
Your system is resistant to poisons.
You cover ground very slowly.


Message History

The orc barely misses you. The orc priest closely misses you.
The orc wizard hits you with an orcish dagger.
You barely miss the orc priest.
The orc priest is severely wounded.
The orc hits you. The orc wizard closely misses you.
The orc priest barely misses you.
You hit the orc priest.
The orc priest is almost dead.
The orc hits you. The orc wizard misses you.
The orc priest hits you with an orcish falchion.
* * * LOW HITPOINT WARNING * * *
You barely miss the orc priest.
The orc priest is severely wounded.
The orc hits you.
* * * LOW HITPOINT WARNING * * *
The orc wizard barely misses you.
You hit the orc priest but do no damage.
The orc priest is severely wounded.
The orc priest barely misses you. The orc hits you.
You die...

.# #.# #.#
##.# ###..#
#<...#
###..# #..#
#@o# #oo#
#oo........
......#[...
#o......#
##
#.......#
#.##.....
#o #######


You could see an orc priest, an orc wizard and 3 orcs.

Vanquished Creatures
  4 adders (D:2)
  3 giant geckos
  A ball python (D:2)
  8 goblins
  7 hobgoblins
  2 kobolds
  A quokka (D:2)
  6 bats
  3 giant cockroaches
  3 giant newts (D:2)
  6 jackals
  8 rats
52 creatures vanquished.

Notes
Turn   | Place    | Note
--------------------------------------------------------------
     0 | D:1      | JacquesDerrida, the Naga Venom Mage, began the quest for the Orb.
     0 | D:1      | Reached XP level 1. HP: 15/15 MP: 3/3
   485 | D:1      | Reached XP level 2. HP: 22/22 MP: 0/4
   748 | D:1      | Reached skill level 1 in Conjurations
   937 | D:1      | Reached skill level 6 in Poison Magic
  1153 | D:1      | Reached XP level 3. HP: 25/28 MP: 5/5
  1709 | D:2      | Reached XP level 4. HP: 9/36 MP: 1/7
  1992 | D:2      | Learned a level 3 spell: Mephitic Cloud
  2249 | D:3      | Slain by an orc

Action                   |  1- 3 |  4- 6 || total
-------------------------+-------+-------++-------
Melee: Unarmed           |    16 |       ||    16
       Dagger            |    52 |    19 ||    71
 Cast: Sting             |    70 |    32 ||   102
 Stab: Sleeping          |     1 |       ||     1
